Map: Blackpink LE

Players

Earendil - Winner!

  • Race: Zerg Zerg
  • League: Master
  • Spawn Location: 1:00

Veryn

  • Race: Protoss Protoss
  • League: Master
  • Spawn Location: 7:00

VOD

Have the link to the VOD?

Description

Time

  • Played on: March 2, 2018, 2:18 p.m.
  • Length: 12:34
Show
View Real Time Build Order
Export as new Build Order

Earendil Zerg - Winner!

Build Orders: Hatch First 

Get SALT Encoding   

  12  0:01  Drone  
  13  0:12  Overlord  
  13  0:18  Drone  
  14  0:31  Drone x2  
  14  0:34  Drone  
  17  0:53  Hatchery  
  17  0:55  Drone  
  17  0:59  Drone  
  18  1:07  Extractor  
  17  1:14  Spawning Pool  
  17  1:17  Drone  
  17  1:22  Drone  
  18  1:31  Drone  
  19  1:39  Drone  
  20  1:52  Overlord  
  20  2:01  Queen  
  22  2:04  Queen  
  22  2:08  Zergling x4  
  26  2:10  Metabolic Boost  
  26  2:13  Drone  
  27  2:19  Evolution Chamber  
  26  2:23  Drone  
  26  2:27  Drone  
  28  2:32  Drone  
  28  2:34  Drone  
  30  2:40  Drone  
  31  2:49  Drone x2  
  33  2:56  Pneumatized Carapace  
  33  2:57  Drone  
  33  3:06  Overlord  
  33  3:07  Zergling x2  
  34  3:17  Zergling x2  
  35  3:26  Zergling x4  
  37  3:27  Zergling x6  
  37  3:28  Zergling x6  
  37  3:50  Drone x2  
  37  3:51  Drone x2  
  41  3:56  Overlord, Hatchery  
  41  3:59  Spore Crawler  
  39  4:03  Drone  
  39  4:04  Spore Crawler  
  39  4:06  Drone  
  35  4:21  Drone x5  
  39  4:32  Drone x4  
  43  4:43  Drone  
  43  4:45  Overlord x2  
  39  4:55  Drone x3  
  39  4:56  Drone  
  42  5:06  Overlord  
  42  5:11  Drone x2  
  44  5:16  Drone, Queen  
  44  5:19  Zergling x2  
  44  5:20  Extractor, Zergling x12  
  52  5:21  Extractor  
  52  5:25  Lair  
  51  5:34  Drone x3  
  54  5:36  Drone  
  54  5:40  Drone, Spore Crawler  
  55  5:46  Drone x2  
  55  5:47  Zerg Missile Weapons Level 1  
  55  5:49  Drone  
  58  5:52  Drone, Evolution Chamber  
  58  5:54  Drone  
  59  5:57  Extractor  
  59  5:58  Queen  
  58  6:06  Drone x6  
  58  6:08  Overlord  
  64  6:11  Overlord  
  64  6:16  Overlord  
  64  6:18  Zerg Melee Weapons Level 1  
  64  6:28  Drone  
  64  6:30  Hydralisk Den  
  64  6:32  Drone x6  
  70  6:34  Drone x2  
  70  6:39  Spore Crawler  
  69  6:40  Drone  
  69  6:41  Spore Crawler  
  66  6:55  Zergling x4  
  66  6:56  Zergling x8  
  66  6:57  Overlord x2  
  66  6:59  Hydralisk  
  66  7:01  Grooved Spines  
  74  7:03  Hydralisk  
  75  7:09  Roach Warren  
  75  7:12  Hydralisk x2  
  75  7:14  Hydralisk  
  75  7:15  Hydralisk  
  81  7:18  Zergling x4  
  81  7:21  Zergling x2  
  81  7:22  Zergling x4  
  82  7:39  Hydralisk x2  
  82  7:41  Zergling x2  
  82  7:42  Zergling x8  
  82  7:51  Hydralisk x3  
  79  7:52  Drone x3  
  86  8:05  Drone  
  86  8:06  Drone x2  
  86  8:07  Hydralisk  
  86  8:08  Hydralisk x2  
  86  8:11  Zerg Missile Weapons Level 2  
  86  8:12  Overlord, Muscular Augments  
  95  8:15  Zerg Melee Weapons Level 2  
  95  8:16  Infestation Pit  
  94  8:22  Overlord x2  
  94  8:23  Overlord  
  94  8:27  Drone x4  
  98  8:36  Roach Warren  
  96  8:46  Drone x7, Extractor x2  
  95  9:04  Zergling x6  
  82  9:10  Hydralisk x2  
  82  9:11  Hydralisk x8  
  82  9:16  Roach x2  
  98  9:23  Hatchery  
  97  9:27  Roach x2  
  101  9:33  Roach  
  101  9:34  Roach x2  
  103  9:38  Roach  
  103  9:39  Roach x2  
  102  9:47  Hydralisk x2  
  102  9:51  Hydralisk x2  
  102  9:52  Roach Warren  
  101  9:55  Zergling x6  
  98  10:02  Queen  
  98  10:04  Drone x3  
  103  10:07  Drone  
  103  10:08  Drone x2  
  103  10:14  Drone  
  107  10:15  Roach Warren  
  107  10:19  Hive  
  106  10:26  Overlord x2  
  106  10:27  Hydralisk  
  108  10:40  Hydralisk x4  
  114  10:44  Hydralisk x3  
  114  10:49  Hydralisk  
  121  10:58  Roach x2  
  116  11:13  Hydralisk x3  
  116  11:15  Roach  
  116  11:16  Roach x6  
  81  11:53  Hydralisk  
  81  11:54  Hydralisk x6  
  56  12:09  Drone  
Show
View Real Time Build Order
Export as new Build Order

Veryn Protoss 

Build Orders: 1 Gate Expand, Oracle Opening, Phoenix Opening 

Get SALT Encoding   

  12  0:00  Probe  
  13  0:12  Probe  
  14  0:20  Pylon  
  14  0:25  Probe  
  15  0:38  Probe (Chrono Boost)  
  15  0:39  Gateway  
  16  0:48  Assimilator, Probe (Chrono Boost)  
  17  0:53  Probe (Chrono Boost)  
  18  1:04  Probe  
  19  1:16  Probe  
  20  1:25  Nexus  
  20  1:37  Cybernetics Core  
  20  1:40  Probe  
  20  1:45  Assimilator  
  21  1:52  Probe  
  22  1:54  Pylon  
  22  2:04  Probe  
  23  2:12  Adept (Chrono Boost)  
  25  2:16  Probe, Stargate  
  26  2:25  Warp Gate  
  26  2:26  Adept (Chrono Boost)  
  27  2:30  Probe (Chrono Boost)  
  30  2:37  Probe (Chrono Boost)  
  31  2:46  Probe x2 (Chrono Boost)  
  31  2:48  Adept  
  34  2:51  Probe (Chrono Boost)  
  34  2:52  Probe  
  36  3:02  Oracle (Chrono Boost)  
  36  3:03  Probe  
  36  3:05  Probe  
  41  3:12  Pylon  
  41  3:15  Probe  
  41  3:17  Probe  
  42  3:27  Probe  
  42  3:29  Probe  
  44  3:39  Probe  
  44  3:41  Probe  
  46  3:48  Phoenix (Chrono Boost)  
  42  3:50  Twilight Council  
  42  3:51  Probe  
  42  3:55  Probe  
  46  3:56  Gateway x2  
  46  4:04  Probe  
  47  4:10  Probe  
  48  4:19  Pylon  
  48  4:20  Probe  
  48  4:21  Oracle (Chrono Boost)  
  48  4:22  Shield Battery  
  49  4:24  Shield Battery  
  49  4:27  Pylon  
  49  4:34  Adept  
  45  4:49  Probe  
  45  4:50  Charge (Chrono Boost)  
  44  4:53  Probe  
  45  5:01  Probe  
  45  5:05  Probe  
  47  5:18  Probe  
  48  5:26  Probe  
  49  5:33  Adept  
  49  5:34  Adept x2  
  49  5:35  Probe  
  56  5:42  Gateway x2  
  56  5:47  Gateway  
  56  6:07  Adept x2  
  56  6:08  Adept  
  62  6:12  Pylon  
  62  6:20  Pylon  
  62  6:26  Nexus  
  62  6:30  Probe x2  
  64  6:36  Pylon  
  64  6:37  Resonating Glaives (Chrono Boost)  
  64  6:46  Zealot  
  64  6:47  Zealot x4  
  73  6:57  Probe  
  73  6:58  Robotics Facility  
  73  7:00  Adept  
  76  7:03  Assimilator  
  76  7:05  Assimilator  
  76  7:08  Probe  
  77  7:09  Probe  
  77  7:12  Sentry x3, Forge  
  84  7:20  Probe  
  85  7:26  Probe  
  78  7:51  Probe  
  71  7:53  Adept x6  
  83  7:58  Protoss Ground Weapons Level 1 (Chrono Boost)  
  75  8:07  Immortal  
  75  8:08  Gateway  
  75  8:11  Gateway  
  75  8:12  Gateway  
  77  8:13  Adept x3  
  77  8:18  Probe x2 (Chrono Boost)  
  77  8:19  Probe (Chrono Boost)  
  86  8:26  Adept  
  90  8:27  Adept  
  90  8:28  Probe x2 (Chrono Boost)  
  90  8:31  Probe (Chrono Boost)  
  90  8:33  Probe x2 (Chrono Boost)  
  93  8:40  Probe, Adept x2  
  97  9:00  Adept x3  
  98  9:11  Adept  
  100  9:18  Pylon  
  100  9:19  Pylon  
  100  9:22  Pylon  
  100  9:25  Assimilator  
  100  9:26  Assimilator  
  100  9:28  Shield Battery, Templar Archives  
  100  9:36  Warp Prism (Chrono Boost)  
  98  9:49  Adept x9  
  98  9:52  Protoss Ground Weapons Level 2  
  88  10:11  High Templar x3  
  88  10:12  High Templar, Zealot x5  
  106  10:16  Archon x2  
  106  10:17  Probe (Chrono Boost)  
  109  10:21  Probe (Chrono Boost)  
  109  10:22  Probe (Chrono Boost)  
  109  10:23  Immortal  
  113  10:31  Pylon  
  113  10:32  Pylon  
  113  10:40  Zealot x3  
  119  10:48  Zealot x2  
  119  10:49  Zealot x3  
  127  11:08  Dark Shrine  
  118  11:14  Adept x3  
  118  11:15  Adept x3  
  66  11:42  Pylon  
  24  12:10  Dark Shrine  
Tags
 
Add a new tag
Caveats
  • Supply blocks, unpowered buildings, or Contaminate may cause inaccurate times.
  • Supply counts are checked every 10 seconds.